| TOP OF THE 1ST |
|
Detroit (APP) Tigers batting - Pitching for Boston (APP) Red Sox : RHP Nate Rizzi
|
|
Pitching: RHP Nate Rizzi
|
|
|
Batting: LHB Timotheus Young
|
0-0: Ball 1-0: Foul Ball, location: 2F 1-1: Ball 2-1: Ball 3-1: Base on Balls
|
|
Batting: RHB Kevin Steed
|
0-0: Ball 1-0: Foul Ball, location: 2F 1-1: 2-RUN HOME RUN (Flyball, 7D, EV 100.0 MPH), Distance : 369 ft
|
|
Batting: RHB Ernst Meloche
|
0-0: Called Strike 0-1: Ball 1-1: Ball 2-1: Called Strike 2-2: Hit by Pitch
|
|
Batting: RHB Norm Wood
|
0-0: Called Strike 0-1: Fielders Choice at 2nd, 4-6 (Groundball, 4, EV 88.8 MPH)
|
|
Batting: RHB Nate Dabney
|
0-0: Ball 1-0: Foul Ball, location: 2F 1-1: Grounds into double play, 5-4-3 (Groundball, 56S, EV 87.5 MPH)
|
| Top of the 1st over - 2 runs, 1 hit, 0 errors, 0 left on base; Detroit (APP) 2 - Boston (APP) 0 |
| BOTTOM OF THE 1ST |
|
Boston (APP) Red Sox batting - Pitching for Detroit (APP) Tigers : LHP Jayden Carey
|
|
Pitching: LHP Jayden Carey
|
|
|
Batting: RHB Joe Booth
|
0-0: Called Strike 0-1: Ball 1-1: Foul Ball, location: 2F 1-2: Foul Ball, location: 2F 1-2: Ball 2-2: Ball 3-2: Strikes out looking
|
|
Batting: RHB Kirk Cully
|
0-0: Called Strike 0-1: SOLO HOME RUN (Line Drive, 7D, EV 105.6 MPH), Distance : 392 ft
|
|
Batting: LHB Kien-lung Zou
|
0-0: Foul Ball, location: 2F 0-1: Foul Ball, location: 2F 0-2: Ball 1-2: Strikes out swinging
|
|
Batting: RHB Josh Smith
|
0-0: Called Strike 0-1: Called Strike 0-2: Fly out, F7 (Flyball, 7S, EV 93.8 MPH)
|
| Bottom of the 1st over - 1 run, 1 hit, 0 errors, 0 left on base; Detroit (APP) 2 - Boston (APP) 1 |
| TOP OF THE 2ND |
|
Detroit (APP) Tigers batting - Pitching for Boston (APP) Red Sox : RHP Nate Rizzi
|
|
Batting: SHB Ronnie Lundy
|
0-0: Ball 1-0: Foul Ball, location: 2F 1-1: Ball 2-1: DOUBLE (Groundball, 3L, EV 104.4 MPH)
|
|
Batting: LHB Glen Boyle
|
0-0: Called Strike 0-1: Ball 1-1: Foul Ball, location: 2F 1-2: Ball 2-2: Ball 3-2: Base on Balls
|
|
Batting: RHB Yasutaka Yamasaki
|
0-0: Ball 1-0: Called Strike 1-1: Fly out, F7 (Flyball, 7LSF, EV 83.1 MPH)
|
|
Batting: SHB Salvador Lacosta
|
0-0: Fly out, F7 (Line Drive, 7, EV 92.5 MPH)
|
|
Batting: LHB Timotheus Young
|
0-0: Swinging Strike 0-1: Foul Ball, location: 2F 0-2: DOUBLE (Line Drive, 9LD, EV 111.9 MPH) Ronnie Lundy scores Glen Boyle to third
|
|
Batting: RHB Kevin Steed
|
0-0: Ball 1-0: Called Strike 1-1: Ground out U3 (Groundball, 3, EV 103.8 MPH)
|
| Top of the 2nd over - 1 run, 2 hits, 0 errors, 2 left on base; Detroit (APP) 3 - Boston (APP) 1 |
| BOTTOM OF THE 2ND |
|
Boston (APP) Red Sox batting - Pitching for Detroit (APP) Tigers : LHP Jayden Carey
|
|
Batting: RHB Bakhtiar Asadov
|
0-0: Called Strike 0-1: Swinging Strike 0-2: Ball 1-2: Ball 2-2: Fly out, F9 (Flyball, 9, EV 93.8 MPH)
|
|
Batting: LHB Javier Cajina
|
0-0: Ground out 4-3 (Groundball, 4, EV 86.2 MPH)
|
|
Batting: SHB Matsudaira Ikeda
|
0-0: Ball 1-0: Foul Ball, location: 2F 1-1: Ground out 5-3 (Groundball, 56, EV 87.5 MPH)
|
| Bottom of the 2nd over - 0 runs, 0 hits, 0 errors, 0 left on base; Detroit (APP) 3 - Boston (APP) 1 |
| TOP OF THE 3RD |
|
Detroit (APP) Tigers batting - Pitching for Boston (APP) Red Sox : RHP Nate Rizzi
|
|
Batting: RHB Ernst Meloche
|
0-0: Ball 1-0: Foul Ball, location: 2F 1-1: Ground out 5-3 (Groundball, 56, EV 88.8 MPH)
|
|
Batting: RHB Norm Wood
|
0-0: SINGLE (Line Drive, 8RS, EV 87.5 MPH)
|
|
Batting: RHB Nate Dabney
|
0-0: Swinging Strike 0-1: Grounds into double play, 6-4-3 (Groundball, 6, EV 82.5 MPH)
|
| Top of the 3rd over - 0 runs, 1 hit, 0 errors, 0 left on base; Detroit (APP) 3 - Boston (APP) 1 |
| BOTTOM OF THE 3RD |
|
Boston (APP) Red Sox batting - Pitching for Detroit (APP) Tigers : LHP Jayden Carey
|
|
Batting: RHB Luis Nino
|
0-0: Ball 1-0: Foul Ball, location: 2F 1-1: Fly out, F8 (Flyball, 8LD, EV 78.1 MPH)
|
|
Batting: RHB Estevan Carrillo
|
0-0: Called Strike 0-1: Swinging Strike 0-2: Strikes out swinging, 2-3 out at first.
|
|
Batting: RHB Joe Booth
|
0-0: Called Strike 0-1: Ball 1-1: Foul Ball, location: 2F 1-2: Foul Ball, location: 2F 1-2: Fly out, F9 (Line Drive, 9, EV 102.5 MPH)
|
| Bottom of the 3rd over - 0 runs, 0 hits, 0 errors, 0 left on base; Detroit (APP) 3 - Boston (APP) 1 |
| TOP OF THE 4TH |
|
Detroit (APP) Tigers batting - Pitching for Boston (APP) Red Sox : RHP Nate Rizzi
|
|
Batting: SHB Ronnie Lundy
|
0-0: Ball 1-0: Foul Ball, location: 2F 1-1: Foul Ball, location: 2F 1-2: SINGLE (Groundball, 5D, EV 95.0 MPH)
|
|
Batting: LHB Glen Boyle
|
0-0: Ball 1-0: Ball 2-0: Ball 3-0: Called Strike 3-1: Foul Ball, location: 2F 3-2: Foul Ball, location: 2F 3-2: Foul Ball, location: 2F 3-2: Foul Ball, location: 2F 3-2: Base on Balls Ronnie Lundy to second
|
|
Batting: RHB Yasutaka Yamasaki
|
0-0: Swinging Strike 0-1: Fielders Choice at 2nd, 3-6 (Groundball, 13, EV 88.1 MPH) Ronnie Lundy to third
|
|
Batting: SHB Salvador Lacosta
|
0-0: Ball 1-0: Fly out, F8 (Flyball, 89S, EV 80.6 MPH)
|
|
Batting: LHB Timotheus Young
|
0-0: Ball 1-0: Foul Ball, location: 2F 1-1: SINGLE (Groundball, 6MD, EV 97.5 MPH) Ronnie Lundy scores Yasutaka Yamasaki to second
|
|
Batting: RHB Kevin Steed
|
0-0: Ball 1-0: Called Strike 1-1: Ball 2-1: Ball 3-1: Base on Balls Yasutaka Yamasaki to third Timotheus Young to second
|
|
Batting: RHB Ernst Meloche
|
0-0: Called Strike 0-1: Foul Ball, location: 2F 0-2: Ball 1-2: Foul Ball, location: 2F 1-2: Hit by Pitch Yasutaka Yamasaki scores Timotheus Young to third Kevin Steed to second
|
|
Pitching: RHP Matt Collins
|
|
|
Batting: RHB Norm Wood
|
0-0: Ball 1-0: Ball 2-0: Ball 3-0: Base on Balls Timotheus Young scores Kevin Steed to third Ernst Meloche to second
|
|
Batting: RHB Nate Dabney
|
0-0: Called Strike 0-1: Ball 1-1: Foul Ball, location: 2F 1-2: Ball 2-2: Ball 3-2: Strikes out swinging
|
| Top of the 4th over - 3 runs, 2 hits, 0 errors, 3 left on base; Detroit (APP) 6 - Boston (APP) 1 |
| BOTTOM OF THE 4TH |
|
Boston (APP) Red Sox batting - Pitching for Detroit (APP) Tigers : LHP Jayden Carey
|
|
Batting: RHB Kirk Cully
|
0-0: Ball 1-0: Foul Ball, location: 2F 1-1: Swinging Strike 1-2: Strikes out swinging, 2-3 out at first.
|
|
Batting: LHB Kien-lung Zou
|
0-0: Called Strike 0-1: Ball 1-1: Foul Ball, location: 2F 1-2: Foul Ball, location: 2F 1-2: Ball 2-2: Ground out 4-3 (Groundball, 4S, EV 83.8 MPH)
|
|
Batting: RHB Josh Smith
|
0-0: Ball 1-0: Fly out, F7 (Flyball, 7, EV 93.8 MPH)
|
| Bottom of the 4th over - 0 runs, 0 hits, 0 errors, 0 left on base; Detroit (APP) 6 - Boston (APP) 1 |
| TOP OF THE 5TH |
|
Detroit (APP) Tigers batting - Pitching for Boston (APP) Red Sox : RHP Matt Collins
|
|
Batting: SHB Ronnie Lundy
|
0-0: Called Strike 0-1: Called Strike 0-2: Ball 1-2: Foul Ball, location: 2F 1-2: Foul Ball, location: 2F 1-2: Ball 2-2: Fly out, F9 (Flyball, 9, EV 79.4 MPH)
|
|
Batting: LHB Glen Boyle
|
0-0: Ball 1-0: Ball 2-0: Ball 3-0: Called Strike 3-1: Foul Ball, location: 2F 3-2: Base on Balls
|
|
Batting: RHB Yasutaka Yamasaki
|
0-0: Ball 1-0: Ball 2-0: Foul Ball, location: 2F 2-1: Ball 3-1: Called Strike 3-2: Fly out, F3 (Popup, 3F, EV 73.8 MPH)
|
|
Batting: SHB Salvador Lacosta
|
0-0: Ball 1-0: Foul Ball, location: 2F 1-1: Fly out, F8 (Flyball, 78D, EV 95.6 MPH)
|
| Top of the 5th over - 0 runs, 0 hits, 0 errors, 1 left on base; Detroit (APP) 6 - Boston (APP) 1 |
| BOTTOM OF THE 5TH |
|
Boston (APP) Red Sox batting - Pitching for Detroit (APP) Tigers : LHP Jayden Carey
|
|
Batting: RHB Bakhtiar Asadov
|
0-0: Foul Ball, location: 2F 0-1: Called Strike 0-2: Ground out 5-3 (Groundball, 56, EV 88.8 MPH)
|
|
Batting: LHB Javier Cajina
|
0-0: Called Strike 0-1: Swinging Strike 0-2: Foul Ball, location: 2F 0-2: Strikes out swinging
|
|
Batting: SHB Matsudaira Ikeda
|
0-0: Called Strike 0-1: Called Strike 0-2: Foul Ball, location: 2F 0-2: Strikes out swinging
|
| Bottom of the 5th over - 0 runs, 0 hits, 0 errors, 0 left on base; Detroit (APP) 6 - Boston (APP) 1 |
| TOP OF THE 6TH |
|
Detroit (APP) Tigers batting - Pitching for Boston (APP) Red Sox : RHP Matt Collins
|
|
Batting: LHB Timotheus Young
|
0-0: Ball 1-0: Foul Ball, location: 2F 1-1: Ball 2-1: Ball 3-1: Swinging Strike 3-2: Foul Ball, location: 2F 3-2: Base on Balls
|
|
Batting: RHB Kevin Steed
|
0-0: Ball Wild Pitch! Timotheus Young to second 1-0: Called Strike 1-1: Foul Ball, location: 2F 1-2: Foul Ball, location: 2F 1-2: Ground out 6-3 (Groundball, 6, EV 85.0 MPH) Timotheus Young to third
|
|
Batting: RHB Ernst Meloche
|
0-0: Ground out 6-3 (Groundball, 56D, EV 83.8 MPH) Timotheus Young scores
|
|
Batting: RHB Norm Wood
|
0-0: Swinging Strike 0-1: Ball 1-1: Foul Ball, location: 2F 1-2: Foul Ball, location: 2F 1-2: Ball 2-2: Foul Ball, location: 2F 2-2: Ball 3-2: Foul Ball, location: 2F 3-2: Foul Ball, location: 2F 3-2: Fly out, F8 (Flyball, 8LM, EV 94.4 MPH)
|
| Top of the 6th over - 1 run, 0 hits, 0 errors, 0 left on base; Detroit (APP) 7 - Boston (APP) 1 |
| BOTTOM OF THE 6TH |
|
Boston (APP) Red Sox batting - Pitching for Detroit (APP) Tigers : LHP Jayden Carey
|
|
Batting: RHB Luis Nino
|
0-0: Called Strike 0-1: Fly out, F8 (Flyball, 89XD, EV 103.1 MPH)
|
|
Batting: RHB Estevan Carrillo
|
0-0: Foul Ball, location: 2F 0-1: Ball 1-1: Ball 2-1: Swinging Strike 2-2: Hit by Pitch
|
|
Batting: RHB Joe Booth
|
0-0: Called Strike 0-1: Ball 1-1: Called Strike 1-2: Ball 2-2: Foul Ball, location: 2F 2-2: Strikes out swinging
|
|
Batting: RHB Kirk Cully
|
0-0: Ball 1-0: Ball 2-0: Called Strike 2-1: Foul Ball, location: 2F 2-2: Ball 3-2: Foul Ball, location: 2F 3-2: Base on Balls Estevan Carrillo to second
|
|
Batting: LHB Kien-lung Zou
|
0-0: Swinging Strike 0-1: Swinging Strike 0-2: Ball 1-2: Ball 2-2: Strikes out swinging
|
| Bottom of the 6th over - 0 runs, 0 hits, 0 errors, 2 left on base; Detroit (APP) 7 - Boston (APP) 1 |
| TOP OF THE 7TH |
|
Detroit (APP) Tigers batting - Pitching for Boston (APP) Red Sox : RHP Matt Collins
|
|
Pitching: RHP Du Kong
|
|
|
Batting: RHB Nate Dabney
|
0-0: Ground out 6-3 (Groundball, 6, EV 91.2 MPH)
|
|
Batting: SHB Ronnie Lundy
|
0-0: Foul Ball, location: 2F 0-1: Swinging Strike 0-2: Foul Ball, location: 2F 0-2: Ball 1-2: Ball 2-2: Strikes out swinging
|
|
Batting: LHB Glen Boyle
|
0-0: Ball 1-0: Foul Ball, location: 2F 1-1: Ball 2-1: Called Strike 2-2: Ball 3-2: Foul Ball, location: 2F 3-2: Foul Ball, location: 2F 3-2: Foul Ball, location: 2F 3-2: Base on Balls
|
|
Batting: RHB Yasutaka Yamasaki
|
0-0: Swinging Strike 0-1: Ball 1-1: Foul Ball, location: 2F 1-2: Foul Ball, location: 2F 1-2: Foul Ball, location: 2F 1-2: Foul Ball, location: 2F 1-2: Strikes out swinging
|
| Top of the 7th over - 0 runs, 0 hits, 0 errors, 1 left on base; Detroit (APP) 7 - Boston (APP) 1 |
| BOTTOM OF THE 7TH |
|
Boston (APP) Red Sox batting - Pitching for Detroit (APP) Tigers : LHP Jayden Carey
|
|
Batting: RHB Josh Smith
|
0-0: Ball 1-0: Foul Ball, location: 2F 1-1: Foul Ball, location: 2F 1-2: Foul Ball, location: 2F 1-2: Strikes out swinging
|
|
Batting: RHB Bakhtiar Asadov
|
0-0: Ball 1-0: Called Strike 1-1: Ball 2-1: Foul Ball, location: 2F 2-2: Ball 3-2: SOLO HOME RUN (Flyball, 89XD, EV 111.9 MPH), Distance : 410 ft
|
|
Batting: LHB Javier Cajina
|
0-0: Ball 1-0: Ball 2-0: Foul Ball, location: 2F 2-1: Foul Ball, location: 2F 2-2: Ball 3-2: Foul Ball, location: 2F 3-2: SINGLE (Line Drive, 78S, EV 108.8 MPH)
|
|
Pitching: LHP Jim Belcher
|
|
|
Batting: SHB Matsudaira Ikeda
|
0-0: Called Strike 0-1: Called Strike 0-2: Strikes out swinging
|
|
Batting: RHB Luis Nino
|
0-0: Ball 1-0: Called Strike 1-1: Fly out, F5 (Line Drive, 5, EV 65.0 MPH)
|
| Bottom of the 7th over - 1 run, 2 hits, 0 errors, 1 left on base; Detroit (APP) 7 - Boston (APP) 2 |
| TOP OF THE 8TH |
|
Detroit (APP) Tigers batting - Pitching for Boston (APP) Red Sox : RHP Du Kong
|
|
Batting: SHB Salvador Lacosta
|
0-0: Called Strike 0-1: Foul Ball, location: 2F 0-2: Ball 1-2: Strikes out looking
|
|
Batting: LHB Timotheus Young
|
0-0: Ball 1-0: Called Strike 1-1: Fly out, F9 (Flyball, 9S, EV 85.0 MPH)
|
|
Batting: RHB Kevin Steed
|
0-0: Called Strike 0-1: Called Strike 0-2: Ball 1-2: Foul Ball, location: 2F 1-2: Hit by Pitch
|
|
Pitching: RHP Danny Diaz
|
|
|
Batting: RHB Ernst Meloche
|
0-0: Called Strike 0-1: Ball 1-1: Ball 2-1: Foul Ball, location: 2F 2-2: Fly out, F8 (Flyball, 8RS, EV 85.6 MPH)
|
| Top of the 8th over - 0 runs, 0 hits, 0 errors, 1 left on base; Detroit (APP) 7 - Boston (APP) 2 |
| BOTTOM OF THE 8TH |
|
Boston (APP) Red Sox batting - Pitching for Detroit (APP) Tigers : LHP Jim Belcher
|
|
Batting: RHB Estevan Carrillo
|
0-0: Ball 1-0: Swinging Strike 1-1: Called Strike 1-2: Strikes out swinging
|
|
Batting: RHB Joe Booth
|
0-0: Ball 1-0: Foul Ball, location: 2F 1-1: Called Strike 1-2: Fly out, F9 (Flyball, 9D, EV 95.0 MPH)
|
|
Batting: RHB Kirk Cully
|
0-0: Called Strike 0-1: Ground out 5-3 (Groundball, 56, EV 88.1 MPH)
|
| Bottom of the 8th over - 0 runs, 0 hits, 0 errors, 0 left on base; Detroit (APP) 7 - Boston (APP) 2 |
| TOP OF THE 9TH |
|
Detroit (APP) Tigers batting - Pitching for Boston (APP) Red Sox : RHP Danny Diaz
|
|
Batting: RHB Norm Wood
|
0-0: Ball 1-0: Ground out 3-1 (Groundball, 34, EV 78.8 MPH)
|
|
Batting: RHB Nate Dabney
|
0-0: Swinging Strike 0-1: Ball 1-1: SINGLE (Groundball, 25, EV 64.4 MPH) (infield hit)
|
|
Batting: SHB Ronnie Lundy
|
0-0: Called Strike 0-1: Ball 1-1: 2-RUN HOME RUN (Flyball, 9D, EV 98.8 MPH), Distance : 363 ft
|
|
Batting: LHB Glen Boyle
|
0-0: Ground out 5-3 (Groundball, 6, EV 103.8 MPH)
|
|
Batting: RHB Yasutaka Yamasaki
|
0-0: Ball 1-0: Ground out 6-3 (Groundball, 6, EV 84.4 MPH)
|
| Top of the 9th over - 2 runs, 2 hits, 0 errors, 0 left on base; Detroit (APP) 9 - Boston (APP) 2 |
| BOTTOM OF THE 9TH |
|
Boston (APP) Red Sox batting - Pitching for Detroit (APP) Tigers : LHP Jim Belcher
|
|
Batting: LHB Kien-lung Zou
|
0-0: Ball 1-0: Ball 2-0: Swinging Strike 2-1: Called Strike 2-2: Foul Ball, location: 2F 2-2: Strikes out swinging
|
|
Pinch Hitting: RHB Vladmiri Nugaibekov
|
0-0: Ball 1-0: Called Strike 1-1: Ball 2-1: DOUBLE (Line Drive, 7LM, EV 108.8 MPH)
|
|
Batting: RHB Bakhtiar Asadov
|
0-0: Called Strike 0-1: Foul Ball, location: 2F 0-2: Ball 1-2: Ground out 5-3 (Groundball, 56S, EV 85.6 MPH)
|
|
Batting: LHB Javier Cajina
|
0-0: Foul Ball, location: 2F 0-1: DOUBLE (Line Drive, 78D, EV 108.1 MPH) Vladmiri Nugaibekov scores
|
|
Pinch Hitting: LHB Mike Hutcheson
|
0-0: 2-RUN HOME RUN (Flyball, 89XD, EV 105.6 MPH), Distance : 421 ft
|
|
Pitching: RHP Bert Hernandez
|
|
|
Pinch Hitting: LHB Stanislav Parusov
|
0-0: Foul Ball, location: 2F 0-1: Foul Ball, location: 2F 0-2: Foul Ball, location: 2F 0-2: Ball 1-2: Fly out, F9 (Flyball, 9LM, EV 86.2 MPH)
|
| Bottom of the 9th over - 3 runs, 3 hits, 0 errors, 0 left on base; Detroit (APP) 9 - Boston (APP) 5 |
|